 Dungeon Crawl Stone Soup version 0.26-a0-1049-g242049e08c (webtiles) character file.

Game seed: 14518797505836684812

70123 Dyku the Geomancer (level 15, -6/90 HPs)
             Began as a Gargoyle Earth Elementalist on Dec 12, 2020.
             Was a High Priest of Vehumet.
             Mangled by a komodo dragon (13 damage)
             ... on level 5 of the Lair of Beasts.
             The game lasted 00:57:45 (20631 turns).

Dyku the Geomancer (Gargoyle Earth Elementalist)   Turns: 20631, Time: 00:57:45

Health: -6/90      AC: 28    Str: 17    XL:     15   Next: 32%
Magic:  23/38      EV: 18    Int: 22    God:    Vehumet [*****.]
Gold:   2707       SH:  0    Dex: 12    Spells: 8/34 levels left

rFire    x . .     SeeInvis .   z - +7 mace of Gravity {venom, rElec rF- rN+++ Int+3}
rCold    . . .     Faith    .   (no shield)
rNeg     + + +     Spirit   .   t - +1 robe of Ashenzari's Respect {Slay+6}
rPois    ∞         Reflect  .   U - +1 hat "Baligetone" {+Inv}
rElec    +         Harm     .   S - +2 cloak of Inviolability {Will+ Str+4}
rCorr    .         Rampage  .   r - +2 pair of gloves
Will     ++...                  O - +1 pair of boots
Stlth    ++........             e - amulet of regeneration
HPRegen  0.65/turn              R - ring of magical power
MPRegen  0.26/turn              w - +4 ring of protection

@: frozen, flying, very slow
A: big wings, repulsion field 1, agile 1, dopey 1, negative energy resistance 1,
electricity resistance, wild magic 1, unbreathing, petrification resistance, rot
immunity, AC +11
a: Stop Flying, Renounce Religion, Evoke Invisibility


You were on level 5 of the Lair of Beasts.
You worshipped Vehumet.
Vehumet was extremely pleased with you.
You visited 3 branches of the dungeon, and saw 20 of its levels.
You also visited: Sewer, Ossuary, Gauntlet and Volcano.

You collected 3292 gold pieces.
You spent 585 gold pieces at shops.

Inventory:

Hand Weapons
 i - the +8 war axe of Income {venom, MP+9 Dex-5 SInv}
   (You found it on level 8 of the Dungeon)

   It poisons the flesh of those it strikes.
   It affects your dexterity (-5).
   It affects your magic capacity (+9).
   It lets you see invisible.
 z - the +7 mace of Gravity (weapon) {venom, rElec rF- rN+++ Int+3}
   (You found it on level 5 of the Dungeon)

   It poisons the flesh of those it strikes.
   It affects your intelligence (+3).
   It makes you vulnerable to fire.
   It insulates you from electricity.
   It renders you almost immune to negative energy.
Missiles
 b - 597 stones (quivered)
 h - 5 throwing nets
 n - 26 silver javelins
Armour
 r - a +2 pair of gloves (worn)
 t - the +1 robe of Ashenzari's Respect (worn) {Slay+6}
   (You took it off an orc on level 7 of the Dungeon)

   It affects your accuracy and damage with ranged weapons and melee attacks
   (+6).
 G - a +1 helmet
 L - +0 steam dragon scales
 O - a +1 pair of boots (worn)
 S - the +2 cloak of Inviolability (worn) {Will+ Str+4}
   (You found it on level 13 of the Dungeon)

   It affects your strength (+4).
   It affects your willpower, your defense against some magical effects.
 U - the +1 hat "Baligetone" (worn) {+Inv}
   (You found it in a Gauntlet)

   It lets you turn invisible.
Jewellery
 e - an amulet of regeneration (around neck)
 w - a +4 ring of protection (right hand)
 C - an uncursed ring of ice
 I - the ring "Emar" {rCorr Int+2}
   (You took it off an orc wizard on level 7 of the Dungeon)

   [ring of resist corrosion]

   It affects your intelligence (+2).
   It provides partial protection from all sources of acid and corrosion.
 R - a ring of magical power (left hand)
Wands
 m - a wand of flame (49)
 q - a wand of random effects (70)
 u - a wand of iceblast (6)
 A - a wand of enslavement (17)
 B - a wand of disintegration (42)
 J - a wand of polymorph (22)
 M - a wand of paralysis (8)
 P - a wand of digging (6)
Scrolls
 o - 8 scrolls of remove curse
 p - 11 scrolls of amnesia
 y - 9 scrolls of teleportation
 K - 3 scrolls of identify
 N - 4 scrolls of fog
 Q - 2 scrolls of magic mapping
 T - a scroll of blinking
 W - a scroll of immolation
Potions
 c - 5 potions of berserk rage
 f - 4 potions of attraction
 g - 4 potions of might
 j - a potion of haste
 k - 6 potions of brilliance
 l - 6 potions of heal wounds
 s - 4 potions of ambrosia
 v - 6 potions of lignification
 D - 6 potions of resistance
 E - a potion of curing
 F - 3 potions of magic
 H - 2 potions of mutation
Miscellaneous
 d - a phial of floods
 Y - a tin of tremorstones (2/2)
 Z - a condenser vane


   Skills:
 + Level 9.2 Fighting
 + Level 8.6 Maces & Flails
 - Level 6.0 Armour
 + Level 7.3 Dodging
 - Level 2.1 Stealth
 + Level 10.2 Spellcasting
 + Level 11.4 Conjurations
 - Level 0.7 Transmutations
 * Level 8.8 Fire Magic
 + Level 13.0 Earth Magic
 + Level 7.7 Evocations


You had 8 spell levels left.
You knew the following spells:

 Your Spells              Type           Power        Failure   Level
a - Sandblast             Erth           ######       1%          1
b - Stone Arrow           Conj/Erth      ######       1%          3
c - Lee's Rapid Deconstr  Erth           ######....   1%          5
d - Iron Shot             Conj/Erth      ######....   2%          6
e - Bolt of Magma         Conj/Fire/Erth ######....   1%          5
f - Starburst             Conj/Fire      ######....   5%          6

Your spell library contained the following spells:

 Spells                   Type           Power        Failure   Level
 Magic Dart               Conj           ####         1%          1
 Passwall                 Tmut/Erth      ######..     1%          2
 Conjure Flame            Conj/Fire      ######..     1%          3
 Mephitic Cloud           Conj/Pois/Air  #####...     1%          3
 Iskenderun's Battlesphe  Conj           ######..     1%          5
 Freeze                   Ice            ##..         2%          1
 Hailstorm                Conj/Ice       #####...     2%          4
 Petrify                  Tmut/Erth      ######..     6%          4
 Beastly Appendage        Tmut           ###...       7%          1
 Frozen Ramparts          Ice            ##....       7%          3
 Wereblood                Tmut           ###.....     11%         2
 Blink                    Tloc           N/A          13%         2
 Call Imp                 Summ           ##......     13%         2
 Slow                     Hex            ##......     13%         2
 Swiftness                Air            ##......     13%         2
 Orb of Destruction       Conj           ######....   16%         7
 Spider Form              Tmut/Pois      ###.......   22%         3
 Confusing Touch          Hex            ##......     26%         3
 Gell's Gravitas          Tloc           ##........   26%         3
 Ozocubu's Armour         Ice            ##......     26%         3
 Yara's Violent Unravell  Hex/Tmut       ###.......   38%         5
 Ice Form                 Ice/Tmut       ###.....     54%         4
 Passage of Golubria      Tloc           N/A          61%         4
 Summon Ice Beast         Ice/Summ       ##......     61%         4
 Spellforged Servitor     Conj/Summ      #####.....   77%         7
 Blade Hands              Tmut           ###.......   83%         5
 Metabolic Englaciation   Hex/Ice        ##........   90%         5
 Invisibility             Hex            ##......     100%        6


Dungeon Overview and Level Annotations

Branches:
Dungeon (14/15)            Temple (1/1) D:4            Lair (5/6) D:8
 Shoals (0/4) Lair:3        Snake (0/4) Lair:3          Orc (0/2) D:12
 Vaults (0/5) D:14          Sewer (visited)         Ossuary (visited)
Volcano (visited)         Gauntlet (visited)
  Slime: Lair:5-6

Altars:
Dithmenos
Elyvilon
Gozag
Hepliaklqana
Makhleb
Nemelex Xobeh
Okawaru
Qazlal
Ru
Vehumet
Xom
Zin
The Shining One

Shops:
D:7 :   D:11 }   D:14 :

Portals:
Trove: D:10 (give 6 scrolls of fog)


Innate Abilities, Weirdness & Mutations

You are resistant to torment.
Your stone body is resilient. (AC +11)
You are immune to poison.
Your large and strong wings let you fly indefinitely.
You resist negative energy. (rN+)
You are resistant to electric shocks. (rElec)
You can survive without breathing.
You are immune to petrification.
You are immune to rotting.
You are surrounded by a mild repulsion field. (EV +2)
You are agile. (Dex +2)
You are dopey. (Int -2)
Your spells are a little harder to cast, but a little more powerful.


Message History

The rime drake breathes ice at you. The flash freeze hits you!!
* * * LOW HITPOINT WARNING * * *
You are encased in ice.
The sentinel's mark upon you fades away.
Casting: Starburst (dangerous; 5% risk of failure)
Confirm with . or Enter, or press ? or * to list all spells.
Casting: Starburst (dangerous; 5% risk of failure)
Press: ? - help, Dir - look around The bolt of fire hits the komodo dragon!!
The komodo dragon is heavily wounded.
The bolt of fire hits the rime drake!!
The rime drake is severely wounded.
The ice encasing you melts away. The rime drake breathes ice at you.
The flash freeze hits you!!
* * * LOW HITPOINT WARNING * * *
You are encased in ice.
The komodo dragon bites you!
You die...

.......†.....####
......†..P......##...
......#..............
#...P....<....#.PP#.
.............#.####
.#....#......###
#........>#†.P#
#....#......k##
#..##..#...l@## . ...
P.........# ...
.......#...#...P.
#........†.....
###....†.......
#.......##..#
...#........ ##
....#......#.
............ #


You could see a komodo dragon and a rime drake (catching breath).

Vanquished Creatures
  A stone giant (D:11)
  A red draconian (Volcano)
  A minotaur (Gauntlet)
  Josephine (D:12)
  Harold (Lair:2)
  4 hydras
  A catoblepas (D:11)
  An ogre mage (D:14)
  2 centaur warriors (D:14)
  5 two-headed ogres
  5 death yaks (Lair:5)
  A tengu warrior (D:7)
  2 skeletal warriors
  A salamander mystic (Volcano)
  3 unseen horrors (D:13)
  A swamp dragon (Lair:3)
  Pikel (D:6)
  A necromancer (D:12)
  6 salamanders (Volcano)
  An ugly thing (D:12)
  A deep elf mage (D:13)
  2 manticores (D:11)
  4 cyclopes
  22 elephants
  3 black mambas
  A merfolk siren (Lair:3)
  8 cane toads
  A torpor snail (Gauntlet)
  4 efreet
  9 centaur skeletons
  A gargoyle (D:13)
  5 komodo dragons
  A yaktaur (shapeshifter) (D:12)
  Maggie (D:9)
  2 kobold demonologists
  7 trolls
  A merfolk (Lair:3)
  A hornet (D:12)
  16 blink frogs
  4 flying skulls (D:12)
  8 wraiths (D:12)
  7 fire bats
  3 fire elementals (Gauntlet)
  A shadow (D:12)
  2 wyverns
  27 yaks
  4 basilisks
  A steam dragon (Lair:4)
  Menkaure (D:6)
  3 nagas (Lair:3)
  2 acid dragons
  2 hornet zombies
  2 hell hounds (Gauntlet)
  Duvessa (D:5)
  9 water moccasins
  3 black bears
  An eye of draining (D:10)
  10 orc warriors
  2 necrophages
  3 phantoms
  A swamp drake (D:12)
  3 ice beasts
  4 sky beasts
  17 centaurs
  15 ogres
  7 big kobolds
  22 bullfrogs
  4 water moccasin zombies
  A wyvern skeleton (D:14)
  Dowan (D:5)
  2 scorpions
  12 killer bees
  20 wights
  5 jellies
  A howler monkey (D:7)
  4 bullfrog zombies
  8 centaur zombies
  2 hounds
  Crazy Yiuf (D:5)
  8 bullfrog skeletons
  7 orc priests
  Jessica (D:9)
  3 iguanas
  10 orc wizards
  13 worker ants
  3 big kobold zombies (Ossuary)
  A killer bee zombie (D:9)
  3 hound skeletons
  A hound zombie (D:10)
  2 mummies (Ossuary)
  11 gnolls
  A river rat (Sewer)
  14 adders
  4 shadow imps
  A white imp (D:7)
  2 ufetubi
  An ooze (D:5)
  3 adder zombies
  2 adder skeletons
  2 worms
  A dart slug (D:2)
  10 leopard geckos
  56 orcs
  3 giant cockroaches
  5 goblins (D:2)
  2 hobgoblins
  16 jackals
  A quokka (D:5)
  4 ball pythons
  8 bats
  2 frilled lizards
  6 gnoll zombies (Ossuary)
  A goblin zombie (D:6)
  4 hobgoblin zombies (Ossuary)
  17 kobolds
  3 kobold zombies (Ossuary)
  A leopard gecko zombie (D:5)
  2 orc zombies (Ossuary)
  2 quokka zombies
  13 rats
  A rat zombie (D:6)
607 creatures vanquished.

Vanquished Creatures (others)
  An orc (D:11)
  19 fungi
  16 plants
36 creatures vanquished.

Grand Total: 643 creatures vanquished

Notes
Turn   | Place    | Note
-------+----------+-------------------------------------------
     0 | D:1      | Dyku the Gargoyle Earth Elementalist began the quest for
                  | the Orb.
     0 | D:1      | Reached XP level 1. HP: 10/10 MP: 3/3
   352 | D:1      | Reached XP level 2. HP: 8/15 MP: 1/5
   358 | D:1      | Reached skill level 4 in Earth Magic
  1508 | D:2      | Reached XP level 3. HP: 19/19 MP: 6/6
  1512 | D:2      | Learned a level 3 spell: Stone Arrow
  1614 | D:2      | Reached skill level 1 in Conjurations
  1655 | D:1      | Reached XP level 4. HP: 24/24 MP: 2/8
  2264 | D:3      | Reached skill level 5 in Earth Magic
  2264 | D:3      | Reached XP level 5. HP: 25/28 MP: 9/9
  2270 | D:3      | Learned a level 5 spell: Lee's Rapid Deconstruction
  2657 | D:3      | Noticed an ice beast
  2667 | D:3      | Killed an ice beast
  2668 | D:3      | Reached XP level 6. HP: 6/32 MP: 5/11
  2753 | D:3      | Found a burning altar of Makhleb.
  2753 | D:3      | Found a white marble altar of Elyvilon.
  2753 | D:3      | Found a sacrificial altar of Ru.
  3060 | D:4      | Found a glowing drain.
  3066 | Sewer    | Entered a sewer
  3196 | Sewer    | Reached skill level 6 in Earth Magic
  3227 | Sewer    | Found a white marble altar of Elyvilon.
  3421 | D:4      | Found a staircase to the Ecumenical Temple.
  3433 | D:4      | Reached XP level 7. HP: 36/36 MP: 13/13
  3439 | Temple   | Entered the Ecumenical Temple
  3481 | Temple   | Became a worshipper of Vehumet
  3783 | D:5      | Entered Level 5 of the Dungeon
  4025 | D:5      | Found a runed translucent door.
  4026 | D:5      | Noticed Crazy Yiuf
  4033 | D:5      | Killed Crazy Yiuf
  4051 | D:5      | Got a brightly glowing mace
  4052 | D:5      | Identified the +7 mace of Gravity {venom, rElec rF- rN+++
                  | Int+3} (You found it on level 5 of the Dungeon)
  4110 | D:5      | Noticed Dowan
  4110 | D:5      | Noticed Duvessa
  4120 | D:5      | Killed Dowan
  4154 | D:5      | Killed Duvessa
  4263 | D:5      | Reached skill level 5 in Spellcasting
  4263 | D:5      | Reached skill level 7 in Earth Magic
  4374 | D:5      | Reached skill level 5 in Conjurations
  4560 | D:5      | Reached * piety under Vehumet
  4560 | D:5      | Offered knowledge of Foxfire by Vehumet.
  4561 | D:5      | Reached XP level 8. HP: 38/41 MP: 15/15
  4847 | D:6      | Noticed Pikel
  4878 | D:6      | Found a sand-covered staircase.
  4886 | Ossuary  | Entered an ossuary
  4983 | Ossuary  | Reached skill level 8 in Earth Magic
  5130 | D:6      | Killed Pikel
  5131 | D:6      | Reached XP level 9. HP: 45/45 MP: 18/18
  5134 | D:6      | Reached ** piety under Vehumet
  5134 | D:6      | Offered knowledge of Freeze by Vehumet.
  5153 | D:6      | Reached skill level 9 in Earth Magic
  5296 | D:6      | Found a hazy altar of Hepliaklqana.
  5296 | D:6      | Found a glowing silver altar of Zin.
  5354 | D:6      | Reached skill level 1 in Fighting
  5355 | D:6      | Reached skill level 1 in Maces & Flails
  5355 | D:6      | Reached skill level 1 in Armour
  5416 | D:6      | Noticed Menkaure
  5424 | D:6      | Killed Menkaure
  5425 | D:6      | Reached skill level 1 in Evocations
  5797 | D:7      | Offered knowledge of Ignite Poison by Vehumet.
  6096 | D:7      | Reached *** piety under Vehumet
  6323 | D:7      | Noticed a seven-headed hydra
  6394 | D:7      | Killed a seven-headed hydra
  6395 | D:7      | Reached XP level 10. HP: 56/56 MP: 5/20
  6530 | D:7      | Found Zoazxel's Book Emporium.
  6566 | D:7      | Bought a book of Power for 585 gold pieces
  6573 | D:7      | Learned a level 6 spell: Iron Shot
  6579 | D:7      | Learned a level 5 spell: Bolt of Magma
  6609 | D:7      | Offered knowledge of Fulminant Prism by Vehumet.
  6976 | D:7      | Identified the +1 robe of Ashenzari's Respect {Slay+6}
  6977 | D:7      | Identified the ring of Xuiryal {rN++ Stlth-}
  6977 | D:7      | Noticed a tengu warrior
  6980 | D:7      | Identified the ring "Emar" {rCorr Int+2}
  6984 | D:7      | Killed a tengu warrior
  6998 | D:7      | Reached **** piety under Vehumet
  7226 | D:8      | Got a transparent war axe
  7227 | D:8      | Identified the +8 war axe of Income {venom, MP+9 Dex-5
                  | SInv} (You found it on level 8 of the Dungeon)
  7344 | D:8      | Found a staircase to the Lair.
  7344 | D:8      | Noticed an elephant
  7356 | D:8      | Reached skill level 10 in Earth Magic
  7363 | D:8      | Killed an elephant
  7609 | D:8      | Offered knowledge of Inner Flame by Vehumet.
  7610 | D:8      | Reached XP level 11. HP: 61/61 MP: 22/22
  7756 | D:8      | Noticed a two-headed ogre
  7767 | D:8      | Killed a two-headed ogre
  8571 | D:9      | Noticed a cyclops
  8581 | D:9      | Killed a cyclops
  8741 | D:9      | Noticed a two-headed ogre
  8745 | D:9      | Killed a two-headed ogre
  8895 | D:9      | Noticed Maggie
  8899 | D:9      | Killed Maggie
  9209 | D:9      | Reached skill level 5 in Fighting
  9332 | D:9      | Found a sparkling altar of Nemelex Xobeh.
  9332 | D:9      | Noticed Jessica
  9333 | D:9      | Killed Jessica
  9492 | D:10     | Entered Level 10 of the Dungeon
  9525 | D:10     | Found a portal to a secret trove of treasure.
  9530 | D:10     | Reached skill level 5 in Armour
  9576 | D:10     | Reached ***** piety under Vehumet
  9576 | D:10     | Offered knowledge of Sticky Flame by Vehumet.
  9831 | D:10     | Identified a scroll of acquirement
  9831 | D:10     | Acquired 565 gold pieces
  9889 | D:10     | Found a shimmering altar of Xom.
  9920 | D:10     | Reached skill level 5 in Maces & Flails
 10452 | D:11     | Noticed a two-headed ogre
 10458 | D:11     | Killed a two-headed ogre
 10459 | D:11     | Reached XP level 12. HP: 45/69 MP: 14/24
 10540 | D:11     | Acquired 843 gold pieces
 10546 | D:11     | Found a shadowy altar of Dithmenos.
 10553 | D:11     | Reached skill level 11 in Earth Magic
 10586 | D:11     | Found an opulent altar of Gozag.
 10586 | D:11     | Noticed a stone giant
 10621 | D:11     | Noticed a catoblepas
 10642 | D:11     | Killed a catoblepas
 10643 | D:11     | Reached skill level 5 in Evocations
 10768 | D:11     | Killed a stone giant
 10769 | D:11     | Reached skill level 5 in Dodging
 10969 | D:11     | Paralysed by a centaur for 4 turns
 11118 | D:11     | Found Zozem's Gadget Boutique.
 11438 | D:11     | Reached skill level 1 in Fire Magic
 11728 | D:12     | Offered knowledge of Yara's Violent Unravelling by Vehumet.
 11814 | D:12     | Reached XP level 13. HP: 76/76 MP: 25/25
 11867 | D:12     | Reached skill level 10 in Conjurations
 12027 | D:12     | Noticed Josephine
 12070 | D:12     | Killed Josephine
 12709 | D:12     | Found a staircase to the Orcish Mines.
 12843 | D:13     | Gained mutation: You are clumsy. (Dex -2) [a neqoxec]
 13233 | D:13     | Got a warped cloak
 13244 | D:13     | Identified the +2 cloak of Inviolability {Will+ Str+4} (You
                  | found it on level 13 of the Dungeon)
 13355 | D:13     | Reached skill level 5 in Fire Magic
 13713 | D:13     | Found a glowing golden altar of the Shining One.
 13745 | D:13     | Offered knowledge of Conjure Ball Lightning by Vehumet.
 13981 | D:14     | Found Weiguj's Book Shop.
 14052 | D:14     | Found a gate leading to a gauntlet.
 14056 | Gauntlet | Entered a Gauntlet
 14056 | Gauntlet | Found a transporter.
 14056 | Gauntlet | Found a transporter.
 14105 | Gauntlet | Found a transporter.
 14105 | Gauntlet | Found a transporter.
 14114 | Gauntlet | Found a transporter.
 14131 | Gauntlet | Found a transporter.
 14141 | Gauntlet | Found a transporter.
 14141 | Gauntlet | Found a transporter.
 14147 | Gauntlet | Found a transporter.
 14174 | Gauntlet | Found a transporter.
 14181 | Gauntlet | Found a transporter.
 14201 | Gauntlet | Found a transporter.
 14234 | Gauntlet | Found a transporter.
 14248 | Gauntlet | Found a transporter.
 14348 | Gauntlet | Found a transporter.
 14364 | Gauntlet | Found a transporter.
 14560 | Gauntlet | Got a heavily runed amethyst amulet
 14580 | Gauntlet | Identified the amulet of Compassion {Reflect rElec Dex+3
                  | Slay-3 SH+5} (You found it in a Gauntlet)
 14666 | Gauntlet | Got a transparent hat
 14668 | Gauntlet | Got a warped bardiche
 14679 | Gauntlet | Identified the +1 hat "Baligetone" {+Inv} (You found it in
                  | a Gauntlet)
 14742 | Gauntlet | Noticed a minotaur
 14755 | Gauntlet | Killed a minotaur
 14789 | D:14     | Reached skill level 12 in Earth Magic
 14911 | D:14     | Identified the +2 bardiche of Uhysog {vorpal, Int+2} (You
                  | found it in a Gauntlet)
 15000 | D:14     | Lost mutation: You are clumsy. (Dex -2) [potion of
                  | mutation]
 15000 | D:14     | Gained mutation: You are surrounded by a mild repulsion
                  | field. (EV +2) [potion of mutation]
 15000 | D:14     | Gained mutation: You are dopey. (Int -2) [potion of
                  | mutation]
 15000 | D:14     | Gained mutation: Your spells are a little harder to cast,
                  | but a little more powerful. [potion of mutation]
 15000 | D:14     | Gained mutation: You are agile. (Dex +2) [potion of
                  | mutation]
 15251 | D:14     | Found a burning altar of Makhleb.
 15506 | D:14     | Gained mutation: Your large and strong wings let you fly
                  | indefinitely. [Gargoyle growth]
 15506 | D:14     | Reached XP level 14. HP: 83/83 MP: 27/27
 15823 | D:14     | Found a gate to the Vaults.
 16157 | Lair:1   | Entered Level 1 of the Lair of Beasts
 17497 | Lair:2   | Offered knowledge of Starburst by Vehumet.
 17505 | Lair:2   | Learned a level 6 spell: Starburst
 17883 | Lair:2   | Noticed Harold
 17887 | Lair:2   | Killed Harold
 18384 | Lair:3   | Found a staircase to the Snake Pit.
 18528 | Lair:3   | Found a staircase to the Shoals.
 19241 | Lair:4   | Found a dark tunnel.
 19250 | Volcano  | Entered a volcano
 19270 | Volcano  | Found a radiant altar of Vehumet.
 19276 | Volcano  | Noticed a red draconian
 19452 | Volcano  | Killed a red draconian
 19453 | Volcano  | Reached skill level 10 in Spellcasting
 19909 | Lair:4   | Reached XP level 15. HP: 89/89 MP: 29/29
 20628 | Lair:5   | Reached skill level 13 in Earth Magic
 20631 | Lair:5   | Mangled by a komodo dragon

Illustrated notes

Levels and vault maps discovered:
D:1:      lightli_arrival_flooded_house, layout_basic
D:2:      layout_basic
D:3:      layout_basic, gammafunk_temple_overflow_claw
D:4:      layout_rooms, minmay_temple_entry_ruins, gup_sewer_entry_pipe,
          small_statue_intersection
D:5:      layout_loops_corners, uniq_crazy_yiuf_cottage, uniq_duvessa
D:6:      layout_rooms, gammafunk_temple_overflow_elements, enter_ossuary_4,
          st_stairs_6, uniq_menkaure, uniq_pikel
D:7:      layout_gridville, serial_shops, shop, minmay_the_grid_2x2
          [minmay_the_grid_fan, minmay_the_grid_eight, minmay_the_grid_rooms,
          minmay_the_grid_prize_four_corners_diamond_b]
D:8:      layout_loops_corners, david_lair_generic, nrook_uturn
D:9:      layout_irregular_city, nemelex_lonely_heart_becter, uniq_maggie
D:10:     layout_roguey, basic_altar, enter_trove_1
D:11:     layout_cross, serial_shops, shop, jmf_multi_god_temple
D:12:     hangedman_screamer, layout_long_grid, erik_orc_1, uniq_josephine
D:13:     layout_roguey, st_stairs_13, nicolae_tso_swordbearing_angel
D:14:     layout_rooms, hangedman_vaults_entry_quadrant_bands, serial_shops,
          nicolae_shop_statue_plus, gauntlet_entry_generic,
          lemuel_coloured_pillars_altar
Temple:   minmay_crystal_spiral_temple
Lair:1:   layout_cave_pods
Lair:2:   layout_hall_layers, minivault_24, serial_bayou_shore_b,
          serial_bayou_shore_b, serial_bayou_shore_b, uniq_harold
Lair:3:   layout_gridlike, elwin_shoals_entry_rooms,
          guppyfry_snake_entry_garden, hibernation_bobbens
Lair:4:   layout_misc_corridors, nicolae_volcano_entry_batcave, minivault_27,
          grunt_forest_stairs_basic, grunt_megastairs_4
Lair:5:   layout_loops_ring, serial_bayou_pond_e, lemuel_fruit_tree

Skill      XL: |  1  2  3  4  5  6  7  8  9 10 11 12 13 14 15 |
---------------+----------------------------------------------+-----
Earth Magic    | 4 5 6 7 8 9 10 11 12 13 | 13.0
Conjurations   | 1 2 3 5 6 7 8 9 10 11 | 11.4
Spellcasting   | 3 4 5 6 7 8 9 10 | 10.2
Fighting       | 3 4 5 6 7 8 9 |  9.2
Maces & Flails | 2 3 5 6 7 8 |  8.6
Armour         | 2 4 5 6 |  6.0
Dodging        | 2 3 4 5 6 7 |  7.3
Evocations     | 2 3 4 5 6 7 |  7.7
Fire Magic     | 3 6 8 |  8.8
Stealth        | |  2.1
Transmutations | |  0.7

Action                   |  1- 3 |  4- 6 |  7- 9 | 10-12 | 13-15 || total
-------------------------+-------+-------+-------+-------+-------++-------
Melee: Whip              |    42 |       |       |       |       ||    42
       Unarmed           |     6 |       |       |       |       ||     6
       Short sword       |    60 |    17 |       |       |       ||    77
       Dagger            |       |   120 |    59 |       |       ||   179
       Mace              |       |       |   287 |   465 |   677 ||  1429
       War axe           |       |       |       |       |     6 ||     6
Throw: Javelin           |       |     3 |       |       |       ||     3
 Cast: Sandblast         |    25 |    29 |    16 |    10 |    15 ||    95
       Stone Arrow       |       |       |     4 |     8 |     8 ||    20
       Lee's Rapid Decon |       |       |     9 |    29 |    42 ||    80
       Bolt of Magma     |       |       |       |    11 |    11 ||    22
       Iron Shot         |       |       |       |    15 |    44 ||    59
       Starburst         |       |       |       |       |    13 ||    13
 Abil: Evoke Invisibilit |       |       |       |       |     2 ||     2
       Fly               |       |       |       |       |     1 ||     1
Evoke: Wand              |       |       |     7 |     7 |     5 ||    19
  Use: Scroll            |       |     9 |     6 |     9 |    12 ||    36
       Potion            |       |       |     3 |     3 |     5 ||    11
 Stab: Sleeping          |     2 |     2 |     9 |     1 |     2 ||    16
       Distracted        |       |       |     1 |       |       ||     1
       Confused          |       |       |       |       |     2 ||     2
Armor: Robe              |    59 |    45 |   203 |   305 |   404 ||  1016
Dodge: Dodged            |   110 |    89 |   322 |   357 |   629 ||  1507

Table legend: (Time is in decaauts)
 A = Elapsed time spent in this place.
 B = Non-inter-level travel time spent in this place.
 C = Inter-level travel time spent in this place.
 D = Time resting spent in this place.
 E = Time spent auto-exploring this place.
 F = Levels seen in this place.
 G = Mean time per level.
                   A        B        C        D        E       F      G
               +--------+--------+--------+--------+--------+-----+--------+
         Total |  20845 |  20128 |    717 |   2001 |  12689 |  24 |  868.5 |
       Dungeon |  15098 |  14564 |    534 |   1740 |   9001 |  14 | 1078.4 |
        Temple |     61 |     30 |     31 |      0 |     29 |   1 |   61.0 |
          Lair |   4108 |   3957 |    151 |    116 |   3015 |   5 |  821.6 |
         Sewer |    227 |    227 |      0 |      0 |    151 |   1 |  227.0 |
       Ossuary |    270 |    270 |      0 |      0 |     69 |   1 |  270.0 |
       Volcano |    362 |    362 |      0 |     63 |     92 |   1 |  362.0 |
      Gauntlet |    715 |    715 |      0 |     81 |    332 |   1 |  715.0 |
               +--------+--------+--------+--------+--------+-----+--------+

Top non-repeatable levels by time:
     D:1: 1576 daAuts
     D:7: 1446 daAuts
    D:12: 1413 daAuts
     D:8: 1341 daAuts
    D:14: 1289 daAuts
    D:13: 1197 daAuts
    D:11: 1112 daAuts
  Lair:4: 1053 daAuts
     D:5: 1036 daAuts
  Lair:3: 1022 daAuts
     D:9: 1012 daAuts
  Lair:2: 1009 daAuts
  Lair:1: 968 daAuts
    D:10: 941 daAuts
     D:3: 846 daAuts
